 Dungeon Crawl Stone Soup version 0.28-a0-1510-gd0f6b136d3 (webtiles) character file.

Game seed: 5293373540060146289

28 croobank the Caller (level 3, -2/21 HPs)
             Began as an Octopode Summoner on Jan 16, 2022.
             Slain by Sigmund (12 damage)
             ... on level 2 of the Dungeon.
             The game lasted 00:05:57 (1581 turns).

croobank the Caller (Octopode Summoner)             Turns: 1581, Time: 00:05:57

Health: -2/21      AC:  1    Str: 15    XL:     3   Next: 14%
Magic:  5/6        EV: 13    Int: 17    God:
Gold:   23         SH:  0    Dex: 12    Spells: 3/6 levels left

rFire   . . .      SeeInvis .   a - +0 short sword
rCold   . . .      Faith    .   (no shield)
rNeg    . . .      Spirit   .   (helmet restricted)
rPois   .          Reflect  .   (no amulet)
rElec   .          Harm     .   l - +6 ring of strength
rCorr   .          Rampage  .   (no ring)
Will    .....                   (no ring)
Stlth   +++.......              (no ring)
HPRegen 0.07/turn               (no ring)
MPRegen 0.10/turn               (no ring)
                                (no ring)
                                (no ring)

@: no status effects
A: almost no armour, amphibious, 8 rings, camouflage 1, gelatinous body 1,
(nimble swimmer 1), tentacles
a: no special abilities


You were on level 2 of the Dungeon.
You visited 1 branch of the dungeon, and saw 2 of its levels.

You collected 59 gold pieces.
You spent 36 gold pieces at shops.

Inventory:

Hand Weapons
 a - a +0 short sword (weapon)
 b - a +0 hunting sling
Missiles
 c - 22 stones
 e - 35 arrows
 f - 2 poisoned darts
Jewellery
 l - a +6 ring of strength (left tentacle)
Scrolls
 d - a scroll of fear {unknown}
 h - a scroll of fog {unknown}
 j - a scroll of enchant weapon {unknown}
 k - a scroll of identify {unknown}
Potions
 g - a potion of curing


   Skills:
 + Level 2.4 Dodging
 + Level 3.3 Stealth
 + Level 2.3 Spellcasting
 + Level 4.2 Summonings


You had 3 spell levels left.
You knew the following spells:

 Your Spells              Type           Power      Damage    Failure   Level
a - Summon Small Mammal   Summ           64%        N/A       3%          1
b - Call Imp              Summ           16%        N/A       4%          2

Your spell library contained the following spells:

 Spells                   Type           Power      Damage    Failure   Level
 Call Canine Familiar     Summ           16%        N/A       10%         3
 Magic Dart               Conj           8%         1d3       19%         1
 Summon Guardian Golem    Hex/Summ       9%         N/A       24%         3
 Searing Ray              Conj           4%         2d4       28%         2
 Summon Lightning Spire   Summ/Air       9%         N/A       61%         4
 Fulminant Prism          Conj/Hex       1%         3d6       88%         4
 Leda's Liquefaction      Hex/Erth       1%         N/A       88%         4
 Summon Mana Viper        Hex/Summ       9%         N/A       91%         5
 Borgnjor's Vile Clutch   Necr/Erth      1%         N/A       99%         5


Dungeon Overview and Level Annotations

Branches:
Dungeon (2/15)

Altars:

Shops:
D:2 ![

Annotations:
D:2 Sigmund


Innate Abilities, Weirdness & Mutations

You cannot wear most types of armour.
You are amphibious.
You can wear up to eight rings at the same time.
Your skin changes colour to match your surroundings (Stealth+).
Your rubbery body absorbs attacks. (AC +1, EV +1)
((You are camouflaged when in or above water. (Stealth+)))
You have tentacles for arms and can constrict up to eight enemies at once.


Message History

Magic restored.
Your quokka resists with significant effort.
Sigmund the Dreaded comes into view.
He is wielding a +0 scythe.
Casting: Call Imp (safe; 4% risk of failure)
Confirm with . or Enter, or press ? or * to list all spells.
A beastly little devil appears in a puff of flame.
Your white imp disappears in a puff of smoke!
Casting: Call Imp (safe; 4% risk of failure)
Confirm with . or Enter, or press ? or * to list all spells.
Okay, then.
This spell is extremely dangerous to cast!
Memorise Call Canine Familiar, consuming 3 spell levels and leaving 0?
Your crimson imp blinks!
You start memorising the spell.
You continue memorising.
Sigmund gestures wildly while chanting.
Sigmund flickers and vanishes!
Deactivating autopickup; reactivate with Ctrl-A.
You continue memorising. x2
Something hits you.
Your memorisation is interrupted.
It was a potion of ambrosia.
You are confused.
You feel invigorated. Something barely misses you.
You are too confused!
Something completely misses you.
You feel less invigorated.
You feel less confused. Something barely misses you.
Your quokka disappears in a puff of smoke!
You hear some strange, mumbled words.
A puff of flame appears from out of thin air!
The puff of flame hits you!
Ouch! That really hurt!
Casting: Call Imp (safe; 4% risk of failure)
Confirm with . or Enter, or press ? or * to list all spells.
Okay, then.
Casting: Call Imp (safe; 4% risk of failure)
Confirm with . or Enter, or press ? or * to list all spells.
Something hits you!
Ouch! That really hurt!
You die...

####### #.r...#
#.....# #@5...#
#.....#
######{....#
...........#
...........###
.............#
...........#)##
.......##.....#
.......##.....#


You could see a friendly crimson imp (summoned) and a friendly quokka
(summoned).

Vanquished Creatures
  A worm (D:2)
  2 bats (D:1)
  An endoplasm (D:1)
  2 giant cockroaches (D:2)
  A goblin (D:1)
  A hobgoblin (D:1)
  A kobold (D:2)
  5 ball pythons
  4 rats
18 creatures vanquished.

Vanquished Creatures (collateral kills)
  A hobgoblin (D:1)
  A quokka (D:1)
  A ball python (D:1)
  A frilled lizard (D:1)
  3 kobolds
7 creatures vanquished.

Grand Total: 25 creatures vanquished

Notes
Turn   | Place    | Note
-------+----------+-------------------------------------------
     0 | D:1      | croobank the Octopode Summoner began the quest for the Orb.
     0 | D:1      | Reached XP level 1. HP: 11/11 MP: 3/3
    46 | D:1      | Reached XP level 2. HP: 14/17 MP: 3/5
    49 | D:1      | Learned a level 2 spell: Call Imp
  1141 | D:2      | Got the Disquisition on Entrancing Clay
  1164 | D:2      | Found Tezett's Distillery.
  1215 | D:2      | Bought a potion of curing for 36 gold pieces
  1334 | D:2      | Reached XP level 3. HP: 9/21 MP: 6/6
  1504 | D:2      | Found Estrowirgh's Armour Boutique.
  1569 | D:2      | Noticed Sigmund
  1581 | D:2      | Slain by Sigmund

Illustrated notes

Levels and vault maps discovered:
D:1:      minmay_arrival_diagonal_passages, layout_basic,
          minmay_misc_feat_diagonals, hangedman_decor_growths
D:2:      layout_basic, serial_shops, nicolae_shop_waterfront, shop,
          nicolae_diamond_shop, nicolae_figureground_sparkle, uniq_sigmund

Skill      XL: |  1 |
---------------+----+-----
Stealth        | 3 |  3.3
Dodging        | |  2.4
Spellcasting   | |  2.3
Summonings     | |  4.2

Action                   || total
-------------------------++-------
Melee: Unarmed           ||    13
       Constrict         ||     9
       Tentacles         ||     6
       Short sword       ||    19
       Punch             ||     1
 Cast: Summon Small Mamm ||    10
       Call Imp          ||     5
  Use: Potion            ||     1
 Stab: Sleeping          ||     7
       Distracted        ||     1
Armor: Skin              ||     2
Dodge: Dodged            ||    23

Table legend: (Time is in decaauts)
 A = Elapsed time spent in this place.
 B = Non-inter-level travel time spent in this place.
 C = Inter-level travel time spent in this place.
 D = Time resting spent in this place.
 E = Time spent auto-exploring this place.
 F = Levels seen in this place.
 G = Mean time per level.
                   A        B        C        D        E       F      G
               +--------+--------+--------+--------+--------+-----+--------+
         Total |   1580 |   1551 |     29 |    356 |    893 |   2 |  790.0 |
       Dungeon |   1580 |   1551 |     29 |    356 |    893 |   2 |  790.0 |
               +--------+--------+--------+--------+--------+-----+--------+

Top non-repeatable levels by time:
     D:1: 1046 daAuts
     D:2: 533 daAuts
